 Dungeon Crawl Stone Soup version 0.26-a0-540-g8a0c9464d7 (webtiles) character file.

Game seed: 1174940332832979921

15 vurker the Sneak (level 2, -1/24 HPs)
             Began as a Formicid Delver on Aug 24, 2020.
             Slain by an adder (2 damage)
             ... on level 2 of the Dungeon.
             The game lasted 00:02:03 (482 turns).

vurker the Sneak (Formicid Delver)                   Turns: 482, Time: 00:02:03

Health: -1/24      AC:  4    Str: 16    XL:     2   Next: 65%
Magic:  2/2        EV: 12    Int:  9    God:
Gold:   31         SH:  0    Dex: 12    Spells: 1/1 levels left

rFire    . . .     SeeInvis +   a - +0 hand axe
rCold    . . .     Faith    .   (no shield)
rNeg     . . .     Spirit   .   b - +0 leather armour
rPois    .         Reflect  .   (helmet unavailable)
rElec    .         Harm     .   (no cloak)
rCorr    .                      h - +0 pair of gloves
MR       .....                  (no boots)
Stlth    +++.......             (no amulet)
HPRegen  0.08/turn              (no ring)
MPRegen  0.08/turn              (no ring)

@: lethally poisoned (-1 -> -9)
A: permanent stasis, dig shafts and tunnels, four strong arms, antennae 3
a: Dig, Shaft Self


You were on level 2 of the Dungeon.
You visited 1 branch of the dungeon, and saw 4 of its levels.

You collected 31 gold pieces.

Inventory:

Hand Weapons
 a - a +0 hand axe (weapon)
Armour
 b - a +0 leather armour (worn)
 h - a +0 pair of gloves (worn)
   (You found it on level 2 of the Dungeon)
Wands
 v - a wand of digging (3)
Scrolls
 c - a scroll of fog
 d - a scroll of magic mapping
 e - a scroll of fear
 f - a scroll of enchant armour {unknown}
 g - a scroll of identify {unknown}


   Skills:
 + Level 3.6 Fighting
 * Level 2.7 Axes
 - Level 1.7 Dodging
 - Level 6.0 Stealth


You had one spell level left.
You didn't know any spells.
Your spell library contained the following spells:

 Spells                   Type           Power        Failure   Level
 Sandblast                Erth           #.....       45%         1
 Passwall                 Tmut/Erth      #.......     58%         2
 Stone Arrow              Conj/Erth      #.....       83%         3
 Petrify                  Tmut/Erth      #.......     99%         4
 Lee's Rapid Deconstruct  Erth           #.........   100%        5


Dungeon Overview and Level Annotations

Branches:
Dungeon (5/15)
 Temple: D:4-7

Altars:


Innate Abilities, Weirdness & Mutations

You cannot be hasted, slowed, berserked, paralysed or teleported.
You can dig through walls and to a lower floor.
Your four strong arms can wield two-handed weapons with a shield.
You have a pair of large antennae on your head. (SInv)


Message History

No target in view!
No target in view!
No target in view!
You see here a bat corpse.
h - a pair of gloves You start putting on your armour.
You continue putting on your pair of gloves. x4
You finish putting on your +0 pair of gloves.
Found 31 gold pieces.
An adder comes into view.
You see here 18 gold pieces.
The adder hisses angrily.
The adder barely misses you. The adder bites you.
You are poisoned.
The adder poisons you!
You barely miss the adder.
You feel sick. The adder bites you.
You are more poisoned.
The adder poisons you!
You closely miss the adder.
You feel sick. The adder misses you. The adder bites you.
You miss the adder.
You feel sick. The adder bites you.
Your leather armour prevents you from hitting the adder.
You feel sick. The adder bites you.
* * * LOW HITPOINT WARNING * * *
You are lethally poisoned!
The adder poisons you! The adder barely misses you.
Unknown command.
You miss the adder.
* * * LOW HITPOINT WARNING * * *
You feel sick. The adder misses you.
You miss the adder.
* * * LOW HITPOINT WARNING * * *
You feel sick. The adder closely misses you. x2
You aren't carrying any potions.
You hit the adder.
* * * LOW HITPOINT WARNING * * *
You feel sick. The adder bites you.
* * * LOW HITPOINT WARNING * * *
You miss the adder.
* * * LOW HITPOINT WARNING * * *
You feel sick. The adder bites you.
* * * LOW HITPOINT WARNING * * *
The adder bites you but does no damage.
You closely miss the adder.
* * * LOW HITPOINT WARNING * * *
You feel sick. The adder bites you but does no damage.
You closely miss the adder.
* * * LOW HITPOINT WARNING * * *
You feel sick. The adder bites you.
You die...

... .. .. ###
## #.#### ...
##. #....#
..# .. #....#
#.. .#
####.S..#
..##.#
#....@..#
#.#..#
#..##....#
#...###...
#..$.#
###.......#
##....#
......#####
##.....#
#.....##
##.$.####
..###..##
#..#.# .#
##.†####.##.#
.
#.......##.#


You could see an adder.

Vanquished Creatures
  A hound skeleton (D:4)
  A kobold (D:2)
  2 bats (D:2)
4 creatures vanquished.

Notes
Turn   | Place    | Note
-------+----------+-------------------------------------------
     0 | D:5      | vurker the Formicid Delver began the quest for the Orb.
     0 | D:5      | Reached XP level 1. HP: 18/18 MP: 1/1
    53 | D:4      | Reached XP level 2. HP: 17/24 MP: 2/2
   243 | D:4      | Noticed a scorpion
   482 | D:2      | HP: 1/24 [poisoned by an adder]
   482 | D:2      | Slain by an adder

Illustrated notes

Levels and vault maps discovered:
D:2:      layout_rooms, old_standard_altar
D:3:      layout_rooms, old_standard_altar, tgw_xom
D:4:      layout_cave_pools, uniq_duvessa, uniq_menkaure
D:5:      layout_loops_corners, temple_pool_b, serial_rivers,
          chequers_serial_rivers_room_b, chequers_serial_rivers_micro_a,
          chequers_serial_rivers_micro_a, chequers_serial_rivers_micro_d,
          chequers_serial_rivers_micro_a, uniq_sigmund

Action                   || total
-------------------------++-------
Melee: Hand axe          ||    36
Armor: Leather armour    ||    15
Dodge: Dodged            ||    39

Table legend: (Time is in decaauts)
 A = Elapsed time spent in this place.
 B = Non-inter-level travel time spent in this place.
 C = Inter-level travel time spent in this place.
 D = Time resting spent in this place.
 E = Time spent auto-exploring this place.
 F = Levels seen in this place.
 G = Mean time per level.
                   A        B        C        D        E       F      G
               +--------+--------+--------+--------+--------+-----+--------+
         Total |    487 |    477 |     10 |      0 |    212 |   4 |  121.8 |
       Dungeon |    487 |    477 |     10 |      0 |    212 |   4 |  121.8 |
               +--------+--------+--------+--------+--------+-----+--------+

Top non-repeatable levels by time:
     D:4: 266 daAuts
     D:2: 105 daAuts
     D:3: 70 daAuts
     D:5: 44 daAuts
